EVO
UNIVERSITY OF ARIZONA WILDCATS @ FRESNO STATE UNIVERSITY BULLDOGS
12/05/2049
 
TOP OF THE 1ST
University of Arizona Wildcats batting - Pitching for Fresno State University Bulldogs : RHP Melvin Palacios
Pitching: RHP Melvin Palacios
Batting: RHB Ron Dondale 0-0: Ground out 6-3 (Groundball, 6, EV 86.3 MPH)
Batting: LHB Jere Paatelainen 0-0: Called Strike
0-1: Ball
1-1: Swinging Strike
1-2: Strikes out looking
Batting: RHB Ricardo Fernandez 0-0: Called Strike
0-1: Swinging Strike
0-2: Foul Ball, location: 2F
0-2: Strikes out swinging
Top of the 1st over - 0 runs, 0 hits, 0 errors, 0 left on base; University of Arizona 0 - Fresno State University 0
BOTTOM OF THE 1ST
Fresno State University Bulldogs batting - Pitching for University of Arizona Wildcats : RHP Tristen Brown
Pitching: RHP Tristen Brown
Batting: RHB Tony Nowak 0-0: Ball
1-0: Fly out, F8 (Line Drive, 89M, EV 84.4 MPH)
Batting: RHB Sandy Munoz 0-0: Foul Ball, location: 5DF
0-1: Called Strike
0-2: Strikes out looking
Batting: SHB Carlton Stannard 0-0: Ball
1-0: Foul Ball, location: 7LSF
1-1: Swinging Strike
1-2: Foul Ball, location: 7LMF
1-2: Ball
2-2: Ball
3-2: Foul Ball, location: 7LDF
3-2: Foul Ball, location: 5DF
3-2: SINGLE (Groundball, 4D, EV 109.4 MPH)
Batting: RHB Danilo Baldia 0-0: Called Strike
0-1: Swinging Strike
0-2: Ground out 1-3 (Groundball, 13S, EV 64.4 MPH)
Bottom of the 1st over - 0 runs, 1 hit, 0 errors, 1 left on base; University of Arizona 0 - Fresno State University 0
TOP OF THE 2ND
University of Arizona Wildcats batting - Pitching for Fresno State University Bulldogs : RHP Melvin Palacios
Batting: LHB Pascal Noël 0-0: Ball
1-0: Foul Ball, location: 3SF
1-1: Swinging Strike
1-2: Ball
2-2: Strikes out swinging, 2-3 out at first.
Batting: RHB Mark Walters 0-0: Ball
1-0: Called Strike
1-1: SINGLE (Groundball, 34D, EV 103.1 MPH)
Batting: LHB Lihau Keawe 0-0: Called Strike
0-1: Ball
1-1: Foul Ball, location: 7LMF
1-2: Fly out, F7 (Flyball, 7D, EV 98.8 MPH)
Batting: RHB Carlos Maravilla 0-0: Called Strike
Mark Walters steals 2nd base
0-1: Ball
1-1: Fly out, F8 (Flyball, 8LD, EV 103.1 MPH)
Top of the 2nd over - 0 runs, 1 hit, 0 errors, 1 left on base; University of Arizona 0 - Fresno State University 0
BOTTOM OF THE 2ND
Fresno State University Bulldogs batting - Pitching for University of Arizona Wildcats : RHP Tristen Brown
Batting: LHB Ollie Strauss 0-0: Ball
1-0: SINGLE (Groundball, 34D, EV 109.4 MPH)
Batting: LHB Brad Benanti 0-0: SINGLE (Groundball, 15S, EV 70.0 MPH) (infield hit)
Ollie Strauss to second
Batting: LHB Moktar Ame 0-0: Ball
Ollie Strauss steals 3rd base
Brad Benanti to second
1-0: Ball
2-0: Ball
3-0: Called Strike
3-1: Base on Balls
Batting: RHB Charles Shaw 0-0: Swinging Strike
0-1: Foul Ball, location: 2LF
0-2: Ball
1-2: Strikes out swinging
Batting: RHB Greg Meyer 0-0: Fielders Choice at 2nd, 6-4 (Groundball, 6, EV 91.3 MPH)
Ollie Strauss scores
Brad Benanti to third
Batting: RHB Tony Nowak 0-0: Ball
1-0: Ball
2-0: Ball
3-0: Called Strike
3-1: Foul Ball, location: 25F
3-2: SINGLE (Line Drive, 6MD, EV 96.9 MPH)
Brad Benanti scores
Greg Meyer to second
Greg Meyer to third
Batting: RHB Sandy Munoz 0-0: Ball
Tony Nowak steals 2nd base
1-0: Foul Ball, location: 2LF
1-1: Ground out 2-3 (Groundball, 13S, EV 61.9 MPH)
Bottom of the 2nd over - 2 runs, 3 hits, 0 errors, 2 left on base; University of Arizona 0 - Fresno State University 2
TOP OF THE 3RD
University of Arizona Wildcats batting - Pitching for Fresno State University Bulldogs : RHP Melvin Palacios
Batting: LHB Kevin Verret 0-0: Ball
1-0: Fly out, F4 (Popup, 4M, EV 61.9 MPH)
Batting: SHB Pat Kidd 0-0: Ball
1-0: Foul Ball, location: 2F
1-1: Foul Ball, location: 9LSF
1-2: Ball
2-2: SINGLE (Line Drive, 9S, EV 106.9 MPH)
Batting: RHB Ron Dondale 0-0: Called Strike
0-1: Ball
1-1: Grounds out, U3 (Groundball, 3L, EV 88.8 MPH)
Pitching: RHP Mike Curtis
Batting: LHB Jere Paatelainen 0-0: Ball
1-0: Called Strike
1-1: SINGLE (Line Drive, 7S, EV 85.0 MPH)
Pat Kidd to third
Runner from 3rd tries for Home, SAFE, throw by LF to home
Batting: RHB Ricardo Fernandez 0-0: Called Strike
0-1: Foul Ball, location: 2F
0-2: Strikes out swinging
Top of the 3rd over - 1 run, 2 hits, 0 errors, 1 left on base; University of Arizona 1 - Fresno State University 2
BOTTOM OF THE 3RD
Fresno State University Bulldogs batting - Pitching for University of Arizona Wildcats : RHP Tristen Brown
Batting: SHB Carlton Stannard 0-0: Ball
1-0: Ball
2-0: Called Strike
2-1: SINGLE (Line Drive, 9LS, EV 92.5 MPH)
Batting: RHB Danilo Baldia 0-0: Ball
1-0: Ball
2-0: Fly out, F9 (Flyball, 89S, EV 93.8 MPH)
Batting: LHB Ollie Strauss 0-0: Ball
1-0: Fielders Choice at 2nd, 3-6 (Groundball, 34S, EV 80.0 MPH)
Batting: LHB Brad Benanti 0-0: Ball
1-0: Ball
2-0: Foul Ball, location: 2F
2-1: Ball
3-1: Foul Ball, location: 2F
3-2: Fly out, F5 (Popup, 56S, EV 76.9 MPH)
Bottom of the 3rd over - 0 runs, 1 hit, 0 errors, 1 left on base; University of Arizona 1 - Fresno State University 2
TOP OF THE 4TH
University of Arizona Wildcats batting - Pitching for Fresno State University Bulldogs : RHP Mike Curtis
Batting: LHB Pascal Noël 0-0: Foul Ball, location: 7LMF
0-1: Called Strike
0-2: Foul Ball, location: 5SF
0-2: Strikes out swinging
Pinch Hitting: RHB Eddy Amaya 0-0: Ball
1-0: Foul Ball, location: 3SF
1-1: Ball
2-1: Swinging Strike
2-2: Strikes out looking
Batting: LHB Lihau Keawe 0-0: Ball
1-0: Ball
2-0: Swinging Strike
2-1: Fly out, F8 (Flyball, 8LS, EV 74.4 MPH)
Top of the 4th over - 0 runs, 0 hits, 0 errors, 0 left on base; University of Arizona 1 - Fresno State University 2
BOTTOM OF THE 4TH
Fresno State University Bulldogs batting - Pitching for University of Arizona Wildcats : RHP Tristen Brown
Now at 1B: Eddy Amaya
Batting: LHB Moktar Ame 0-0: Foul Ball, location: 2F
0-1: Foul Ball, location: 3FF
0-2: Ball
1-2: Ball
2-2: Fly out, F8 (Flyball, 89D, EV 93.1 MPH)
Batting: RHB Charles Shaw 0-0: Ball
1-0: Called Strike
1-1: Ball
2-1: Ball
3-1: Foul Ball, location: 3FF
3-2: Base on Balls
Batting: RHB Greg Meyer 0-0: Foul Ball, location: 3F
0-1: SINGLE (Line Drive, 9LM, EV 105.6 MPH)
Charles Shaw to second
Batting: RHB Tony Nowak 0-0: Ball
1-0: Called Strike
1-1: SINGLE (Groundball, 5S, EV 65.6 MPH) (infield hit)
Charles Shaw to third
Greg Meyer to second
Batting: RHB Sandy Munoz 0-0: Called Strike
0-1: DOUBLE (Flyball, 8RXD, EV 103.8 MPH)
Charles Shaw scores
Greg Meyer scores
Tony Nowak to third
Runner from 3rd tries for Home, SAFE, throw by CF to trailing runner, SAFE at third!
Pitching: RHP Rogelio Chavez
Batting: SHB Carlton Stannard 0-0: Called Strike
0-1: Swinging Strike
0-2: Strikes out swinging
Batting: RHB Danilo Baldia 0-0: SINGLE (Groundball, 56, EV 84.4 MPH)
Sandy Munoz scores
Batting: LHB Ollie Strauss 0-0: Ball
1-0: SINGLE (Line Drive, 8LS, EV 85.0 MPH)
Danilo Baldia to second
Batting: LHB Brad Benanti 0-0: Ball
1-0: Called Strike
1-1: Foul Ball, location: 5SF
1-2: Foul Ball, location: 2F
1-2: SINGLE (Line Drive, 56D, EV 96.9 MPH)
Danilo Baldia to third
Ollie Strauss to second
Runner from 3rd tries for Home, SAFE, throw by LF to home
Batting: LHB Moktar Ame 0-0: Ball
1-0: Called Strike
1-1: Ball
2-1: Swinging Strike
2-2: Ball
3-2: Foul Ball, location: 3FF
3-2: Base on Balls
Ollie Strauss to third
Brad Benanti to second
Batting: RHB Charles Shaw 0-0: Ball
1-0: Ball
Wild Pitch!
Ollie Strauss scores
Brad Benanti to third
Moktar Ame to second
2-0: Foul Ball, location: 2LF
2-1: Foul Ball, location: 7LDF
2-2: Ball
3-2: Base on Balls
Batting: RHB Greg Meyer 0-0: Ball
1-0: Ball
2-0: Ball
3-0: Base on Balls
Brad Benanti scores
Moktar Ame to third
Charles Shaw to second
Batting: RHB Tony Nowak 0-0: Foul Ball, location: 5FF
0-1: Foul Ball, location: 2F
0-2: Ball
1-2: Ball
2-2: Reached on error, E6 (Groundball, 6, EV 100.6 MPH)
Moktar Ame scores
Charles Shaw to third
Greg Meyer to second
Pitching: LHP Matt Waterbury
Batting: RHB Sandy Munoz 0-0: Ball
1-0: Swinging Strike
1-1: Ball
2-1: Ball
3-1: Base on Balls
Charles Shaw scores
Greg Meyer to third
Tony Nowak to second
Batting: SHB Carlton Stannard 0-0: Foul Ball, location: 2RF
0-1: Ball
1-1: Ball
2-1: Foul Ball, location: 9LSF
2-2: Foul Ball, location: 2RF
2-2: Foul Ball, location: 2F
2-2: Foul Ball, location: 2F
2-2: Foul Ball, location: 9LDF
2-2: Ball
3-2: SINGLE (Groundball, 4D, EV 96.9 MPH)
Greg Meyer scores
Tony Nowak to third
Sandy Munoz to second
Tony Nowak scores
Sandy Munoz to third
Batting: RHB Danilo Baldia 0-0: Ball
1-0: Fly out, F7 (Line Drive, 78S, EV 88.1 MPH)
Bottom of the 4th over - 11 runs, 7 hits, 1 error, 2 left on base; University of Arizona 1 - Fresno State University 13
TOP OF THE 5TH
University of Arizona Wildcats batting - Pitching for Fresno State University Bulldogs : RHP Mike Curtis
Batting: RHB Carlos Maravilla 0-0: Ball
1-0: Called Strike
1-1: Foul Ball, location: 23FF
1-2: Ball
2-2: Ball
3-2: Fly out, F8 (Flyball, 8LD, EV 99.4 MPH)
Batting: LHB Kevin Verret 0-0: Ball
1-0: Ball
2-0: Called Strike
2-1: Ball
3-1: Base on Balls
Batting: SHB Pat Kidd 0-0: SINGLE (Line Drive, 3D, EV 96.9 MPH)
Kevin Verret to second
Runner from 2nd tries for 3rd, SAFE, throw by RF made to third
Batting: RHB Ron Dondale 0-0: Swinging Strike
0-1: Fly out, F7 (Flyball, 7S, EV 97.5 MPH)
Batting: LHB Jere Paatelainen 0-0: Ball
1-0: Ball
2-0: Ball
3-0: Called Strike
3-1: Foul Ball, location: 3FF
3-2: DOUBLE (Flyball, 8LD, EV 100.6 MPH)
Kevin Verret scores
Pat Kidd to third
Pat Kidd scores
Pitching: RHP Joey Black
Batting: RHB Ricardo Fernandez 0-0: Ball
1-0: Swinging Strike
1-1: Fly out, F8 (Flyball, 8RD, EV 103.8 MPH)
Top of the 5th over - 2 runs, 2 hits, 0 errors, 1 left on base; University of Arizona 3 - Fresno State University 13
BOTTOM OF THE 5TH
Fresno State University Bulldogs batting - Pitching for University of Arizona Wildcats : LHP Matt Waterbury
Batting: LHB Ollie Strauss 0-0: SINGLE (Groundball, 4, EV 79.4 MPH) (infield hit)
Batting: LHB Brad Benanti 0-0: Foul Ball, location: 7LMF
0-1: Foul Ball, location: 2F
0-2: Ball
1-2: Foul Ball, location: 5FF
1-2: Ball
2-2: Foul Ball, location: 7LMF
2-2: Ball
3-2: Base on Balls
Ollie Strauss to second
Batting: LHB Moktar Ame 0-0: Foul Ball, location: 25F
0-1: Ball
1-1: Foul Ball, location: 2F
1-2: SINGLE (Line Drive, 6MD, EV 98.8 MPH)
Ollie Strauss to third
Brad Benanti to second
Batting: RHB Charles Shaw 0-0: Called Strike
0-1: Ball
1-1: Grounds into fielders choice 6-2 (Groundball, 6, EV 82.5 MPH)
Brad Benanti to third
Moktar Ame to second
Batting: RHB Greg Meyer 0-0: Ball
1-0: Fly out, F7 (Line Drive, 7S, EV 91.3 MPH)
Batting: RHB Tony Nowak 0-0: Called Strike
0-1: Ball
1-1: Foul Ball, location: 9LMF
1-2: Foul Ball, location: 7LSF
1-2: Strikes out looking
Bottom of the 5th over - 0 runs, 2 hits, 0 errors, 3 left on base; University of Arizona 3 - Fresno State University 13
TOP OF THE 6TH
University of Arizona Wildcats batting - Pitching for Fresno State University Bulldogs : RHP Joey Black
Batting: LHB Pascal Noël 0-0: Ball
1-0: Called Strike
1-1: Ball
2-1: Foul Ball, location: 5DF
2-2: Fly out, F4 (Line Drive, 4, EV 94.4 MPH)
Batting: RHB Eddy Amaya 0-0: Called Strike
0-1: Ball
1-1: Fly out, F7 (Flyball, 7LS, EV 84.4 MPH)
Batting: LHB Lihau Keawe 0-0: Called Strike
0-1: Foul Ball, location: 2LF
0-2: Ball
1-2: Ball
2-2: Ball
3-2: SINGLE (Groundball, 56D, EV 94.4 MPH)
Batting: RHB Carlos Maravilla 0-0: Fly out, F9 (Line Drive, 89M, EV 86.9 MPH)
Top of the 6th over - 0 runs, 1 hit, 0 errors, 1 left on base; University of Arizona 3 - Fresno State University 13
BOTTOM OF THE 6TH
Fresno State University Bulldogs batting - Pitching for University of Arizona Wildcats : LHP Matt Waterbury
Pitching: RHP Steve Wiest
Batting: RHB Sandy Munoz 0-0: Swinging Strike
0-1: Foul Ball, location: 23FF
0-2: Strikes out swinging
Batting: SHB Carlton Stannard 0-0: Ball
1-0: Called Strike
1-1: Called Strike
1-2: Ball
2-2: Ball
3-2: Base on Balls
Batting: RHB Danilo Baldia Balk!
Carlton Stannard to second
0-0: 2-RUN HOME RUN (Flyball, 7D, EV 99.4 MPH), Distance : 362 ft
Batting: LHB Ollie Strauss 0-0: Ball
1-0: Called Strike
1-1: Ball
2-1: Fly out, F8 (Flyball, 8RM, EV 80.0 MPH)
Batting: LHB Brad Benanti 0-0: Ground out U3 (Groundball, 3, EV 110.0 MPH)
Bottom of the 6th over - 2 runs, 1 hit, 0 errors, 0 left on base; University of Arizona 3 - Fresno State University 15
TOP OF THE 7TH
University of Arizona Wildcats batting - Pitching for Fresno State University Bulldogs : RHP Joey Black
Batting: LHB Kevin Verret 0-0: Ball
1-0: Ball
2-0: SOLO HOME RUN (Flyball, 7D, EV 94.4 MPH), Distance : 376 ft
Batting: SHB Pat Kidd 0-0: Ball
1-0: Fly out, F6 (Popup, 15, EV 80.6 MPH)
Batting: RHB Ron Dondale 0-0: Ball
1-0: Ball
2-0: Ball
3-0: Called Strike
3-1: Foul Ball, location: 9LSF
3-2: Strikes out looking
Batting: LHB Jere Paatelainen 0-0: Called Strike
0-1: Ball
1-1: Ball
2-1: Ball
3-1: Called Strike
3-2: Fly out, F8 (Flyball, 78M, EV 81.3 MPH)
Top of the 7th over - 1 run, 1 hit, 0 errors, 0 left on base; University of Arizona 4 - Fresno State University 15
BOTTOM OF THE 7TH
Fresno State University Bulldogs batting - Pitching for University of Arizona Wildcats : RHP Steve Wiest
Batting: LHB Moktar Ame 0-0: Ball
1-0: Called Strike
1-1: Ball
2-1: Called Strike
2-2: Fly out, F7 (Flyball, 78D, EV 103.8 MPH)
Batting: RHB Charles Shaw 0-0: Ball
1-0: Foul Ball, location: 2F
1-1: Ball
2-1: Foul Ball, location: 2F
2-2: Fly out, F9 (Flyball, 9, EV 83.8 MPH)
Batting: RHB Greg Meyer 0-0: Ball
1-0: Foul Ball, location: 2LF
1-1: Ball
2-1: SOLO HOME RUN (Flyball, 7LD, EV 96.9 MPH), Distance : 346 ft
Pitching: RHP Ai-de Zhào
Batting: RHB Tony Nowak 0-0: Called Strike
0-1: Ball
1-1: Foul Ball, location: 5F
1-2: Strikes out swinging
Bottom of the 7th over - 1 run, 1 hit, 0 errors, 0 left on base; University of Arizona 4 - Fresno State University 16
TOP OF THE 8TH
University of Arizona Wildcats batting - Pitching for Fresno State University Bulldogs : RHP Joey Black
Pitching: RHP Brian Travaglio
Batting: RHB Ricardo Fernandez 0-0: Ball
1-0: Called Strike
1-1: Foul Ball, location: 2LF
1-2: Ball
2-2: Ball
3-2: Foul Ball, location: 5FF
3-2: SOLO HOME RUN (Flyball, 7D, EV 93.8 MPH), Distance : 357 ft
Batting: LHB Pascal Noël 0-0: Ball
1-0: Ground out 6-3 (Groundball, 6, EV 109.4 MPH)
Batting: RHB Eddy Amaya 0-0: SOLO HOME RUN (Flyball, 7D, EV 92.5 MPH), Distance : 361 ft
Batting: LHB Lihau Keawe 0-0: Called Strike
0-1: Ball
1-1: Ball
2-1: Ground out 4-3 (Groundball, 4, EV 87.5 MPH)
Batting: RHB Carlos Maravilla 0-0: Ball
1-0: Ball
2-0: Called Strike
2-1: Ground out 6-3 (Groundball, 6, EV 66.3 MPH)
Top of the 8th over - 2 runs, 2 hits, 0 errors, 0 left on base; University of Arizona 6 - Fresno State University 16
BOTTOM OF THE 8TH
Fresno State University Bulldogs batting - Pitching for University of Arizona Wildcats : RHP Ai-de Zhào
Batting: RHB Sandy Munoz 0-0: Ball
1-0: Called Strike
1-1: Foul Ball, location: 5F
1-2: Fly out, F8 (Line Drive, 89M, EV 86.3 MPH)
Batting: SHB Carlton Stannard 0-0: Foul Ball, location: 7LSF
0-1: Ball
1-1: Ball
2-1: Swinging Strike
2-2: Strikes out swinging
Batting: RHB Danilo Baldia 0-0: Called Strike
0-1: Ground out 6-3 (Groundball, 6S, EV 67.5 MPH)
Bottom of the 8th over - 0 runs, 0 hits, 0 errors, 0 left on base; University of Arizona 6 - Fresno State University 16
TOP OF THE 9TH
University of Arizona Wildcats batting - Pitching for Fresno State University Bulldogs : RHP Brian Travaglio
Pinch Hitting: RHB Larry Harlow 0-0: Called Strike
0-1: Ground out 6-3 (Groundball, 6, EV 83.8 MPH)
Batting: SHB Pat Kidd 0-0: Ball
1-0: Ball
2-0: Ball
3-0: Base on Balls
Batting: RHB Ron Dondale 0-0: Ball
1-0: Ball
2-0: SINGLE (Line Drive, 3D, EV 103.8 MPH)
Pat Kidd to second
Pitching: RHP Alex Gutierrez
Batting: LHB Jere Paatelainen 0-0: Foul Ball, location: 2F
0-1: Called Strike
0-2: Ball
1-2: Fielders Choice at 2nd, 3-6 (Groundball, 34S, EV 78.8 MPH)
Pat Kidd to third
Batting: RHB Ricardo Fernandez 0-0: Swinging Strike
0-1: Fielders Choice at 2nd, 5-4 (Groundball, 56, EV 82.5 MPH)
Top of the 9th over - 0 runs, 1 hit, 0 errors, 2 left on base; University of Arizona 6 - Fresno State University 16
Sunday, July 16th , 2023 - OOTP Baseball 24.6 Build 69